 Dungeon Crawl Stone Soup version 0.17.1-2-g5865329 (webtiles) character file.

6255 Jerry the Ducker (level 10, -2/69 HPs)
             Began as an Octopode Warper on Feb 11, 2016.
             Was a Believer of Ashenzari.
             Slain by a yak (4 damage)
             ... on level 1 of the Lair of Beasts.
             The game lasted 01:35:36 (10504 turns).

Jerry the Ducker (Octopode Warper)                 Turns: 10504, Time: 01:35:37

Health: -2/69      AC:  9    Str: 11    XL:     10   Next: 93%
Magic:  15/24      EV: 11    Int: 15    God:    Ashenzari [**....]
Gold:   486        SH:  0    Dex: 15    Spells: 5 memorised, 8 levels left

rFire  + . .     SeeInvis .     u - +1 dire flail (protect) (curse)
rCold  + . .     Rnd*Rage +     (shield currently unavailable)
rNeg   . . .     SustAt   +     (helmet restricted)
rPois  +         Gourm    .     (no amulet)
rElec  .         Spirit   .     a - +3 ring of protection (curse)
rCorr  .         Warding  .     w - ring of sustain attributes (curse)
rMut   .         Stasis   .     l - ring of protection from cold (curse)
MR     .....                    B - ring of stealth (curse)
Stlth  +++++.....               A - ring of magical power (curse)
                                (no ring)
                                (no ring)
                                (no ring)

@: slowed, very slow, not resistant to hostile enchantments, quite stealthy
A: almost no armour, amphibious, 8 rings, constrict 8, camouflage 1, berserk 1,
fire resistance 1, low mp 1, poison resistance, regeneration 1, gelatinous body
1
a: Scrying, Renounce Religion


You were on level 1 of the Lair of Beasts.
You worshipped Ashenzari.
Ashenzari was pleased with you.
You were not hungry.

You visited 3 branches of the dungeon, and saw 12 of its levels.

You collected 486 gold pieces.

Inventory:

Hand Weapons
 f - a +3 whip of electrocution
 u - a cursed +1 dire flail of protection (weapon)
 y - the +4 quarterstaff of Viopnec {venom, rElec rC- MR++ Int+4}
   (You found it on level 9 of the Dungeon)

   It poisons the flesh of those it strikes.
   It affects your intelligence (+4).
   It makes you vulnerable to cold.
   It insulates you from electricity.
   It affects your resistance to hostile enchantments.
 E - the +6 falchion of Eternity {vamp, rN++}
   (You found it on level 8 of the Dungeon)

   It inflicts no extra harm, but heals its wielder somewhat when it strikes a
   living foe.
   It greatly protects you from negative energy.
Missiles
 d - 4 tomahawks of dispersal
 t - 5 poisoned tomahawks
 H - 10 tomahawks (quivered)
Jewellery
 a - a cursed +3 ring of protection (left tentacle)
 l - a cursed ring of protection from cold (on tentacle)
 w - a cursed ring of sustain attributes (right tentacle)
 A - a cursed ring of magical power (on tentacle)
 B - a cursed ring of stealth (on tentacle)
Wands
 k - a wand of disintegration (11)
 o - a wand of random effects (48)
 r - a wand of cold (6)
 F - a wand of magic darts (16)
 O - a wand of fire (3)
Scrolls
 c - a scroll of blinking
 z - 4 scrolls of magic mapping
 D - 2 scrolls of recharging
 M - a scroll of teleportation
 N - a scroll of enchant weapon {unknown}
 P - a scroll of torment {unknown}
 Q - 2 scrolls of curse jewellery
Potions
 i - a potion of flight {unknown}
 j - a potion of agility {unknown}
 m - a potion of brilliance {unknown}
 n - 4 potions of curing
 p - a potion of magic {unknown}
 q - 3 potions of heal wounds
 s - a potion of might {unknown}
 v - 2 potions of haste {unknown}
 C - a potion of ambrosia {unknown}
 G - a potion of berserk rage {unknown}
 I - a potion of lignification {unknown}
Books
 b - a book of Spatial Translocations

   Spells                             Type                      Level
   a - Apportation                    Translocation                1
   b - Blink                          Translocation                2
   c - Shroud of Golubria             Charms/Translocation         2
   d - Portal Projectile              Translocation                3
   e - Teleport Other                 Translocation                3
   f - Passage of Golubria            Translocation                4
 x - a book of Minor Magic

   Spells                             Type                      Level
   a - Magic Dart                     Conjuration                  1
   b - Blink                          Translocation                2
   c - Call Imp                       Summoning                    2
   d - Repel Missiles                 Charms/Air                   2
   e - Slow                           Hexes                        2
   f - Conjure Flame                  Conjuration/Fire             3
   g - Mephitic Cloud                 Conjuration/Poison/Air       3
 K - a book of Dreams

   Spells                             Type                      Level
   a - Ensorcelled Hibernation        Hexes/Ice                    2
   b - Phase Shift                    Translocation                5
   c - Shadow Creatures               Summoning                    5
   d - Silence                        Hexes/Air                    5
   e - Darkness                       Hexes                        6
   f - Mass Confusion                 Hexes                        6
Comestibles
 e - 11 bread rations
 g - 9 slices of pizza
 h - 7 meat rations
 J - a royal jelly
 L - 2 beef jerkies
 R - 2 chunks of flesh


   Skills:
 + Level 6.3 Fighting
 + Level 7.2(10.3) Maces & Flails
 - Level 1.0 Throwing
 + Level 7.5 Dodging
 + Level 4.3 Stealth
 + Level 4.5 Spellcasting
 - Level 4.9(6.3) Conjurations
 - Level 4.0(5.4) Charms
 - Level 4.0(5.3) Translocations
 - Level 4.6(6.0) Air Magic
 - Level 5.1(6.5) Poison Magic


You had 8 spell levels left.
You knew the following spells:

 Your Spells              Type           Power        Failure   Level  Hunger
a - Apportation           Tloc           ###.......   1%          1    None
b - Shroud of Golubria    Chrm/Tloc      ###.......   2%          2    ##.....
c - Blink                 Tloc           N/A          2%          2    ##.....
d - Mephitic Cloud        Conj/Pois/Air  ###.....     4%          3    ###....
e - Repel Missiles        Chrm/Air       ###...       2%          2    ##.....


Dungeon Overview and Level Annotations

Branches:
Dungeon (10/15)            Temple (1/1) D:5            Lair (1/8) D:10
    Orc: D:9-12

Altars:
Ashenzari
Cheibriados
Dithmenos
Elyvilon
Fedhas
Gozag
Kikubaaqudgha
Makhleb
Nemelex Xobeh
Okawaru
Qazlal
Ru
Sif Muna
Trog
Vehumet
Xom
Yredelemnul
Zin
The Shining One

Shops:
D:6 (


Innate Abilities, Weirdness & Mutations

You cannot wear most types of armour.
You are amphibious.
You can wear up to eight rings at the same time.
You can use your tentacles to constrict eight enemies at once.
Your skin changes colour to match your surroundings (Stealth).
Your rubbery body absorbs attacks (AC +1).
You tend to lose your temper in combat.
Your flesh is heat resistant.
Your magical capacity is low (-10% MP).
Your system is resistant to poisons.
Your natural rate of healing is unusually fast.


Message History

Your shroud falls apart!
The seven-headed hydra bites you!
The seven-headed hydra completely misses you.
The seven-headed hydra bites you.
The seven-headed hydra completely misses you.
An iguana comes into view.
The iguana hisses angrily.
The giant frog hits you! The water moccasin barely misses you.
The giant frog closely misses you.
The yak is engulfed in noxious fumes.
The water moccasin closely misses you.
The yak gores the yak!
The seven-headed hydra bites you. x2
The seven-headed hydra misses you. The seven-headed hydra bites you!
* * * LOW HITPOINT WARNING * * *
The seven-headed hydra bites you!
* * * LOW HITPOINT WARNING * * *
The seven-headed hydra bites you.
* * * LOW HITPOINT WARNING * * *
The seven-headed hydra barely misses you.
The yak gores you.
You die...

* * #### *## * *
##.#.######P####
................
,
...............Y
.....§.§........
,
....§YY§..Y..w..
, ,
....Y§F..w......,
, ........DY#..##
, , *##.##...S@#
,* , , #..(YF# ,
, #....... *
........#... ,,,,
,.........P+l...
* ,
...#........... ,
,
,...#...........
* * ## .........
.. * , , , *


You could see a death yak, a seven-headed hydra, a torpor snail, 5 yaks, a water
moccasin, 2 giant frogs and an iguana.

Vanquished Creatures
  The ghost of Jerry the Ducker, a novice OpWz (D:7)
  Maurice (D:9)
  2 trolls
  A two-headed ogre (D:8)
  Sigmund (D:3)
  A wyvern (D:10)
  A hippogriff (D:7)
  The ghost of Peloso the Shield-Bearer, an amateur MiFi (D:4)
  A human (D:9)
  A water moccasin (D:10)
  A black bear (D:6)
  2 sky beasts
  3 phantoms
  An ogre (D:4)
  A necrophage (D:9)
  2 orc warriors
  A crocodile (D:9)
  3 centaurs
  6 giant frogs
  4 killer bees (D:9)
  2 scorpions
  An electric eel (D:9)
  14 wights
  3 crimson imps
  A giant frog zombie (D:10)
  2 hounds
  3 centaur skeletons
  8 orc priests
  2 jellies
  7 iguanas
  Jessica (D:3)
  7 worker ants
  Terence (D:2)
  8 orc wizards
  4 sheep (D:9)
  A hound zombie (D:8)
  3 gnolls (D:10)
  4 river rats (D:10)
  13 adders
  4 shadow imps
  2 oozes
  3 adder zombies
  3 worms
  4 giant geckos
  40 orcs
  2 ball pythons
  8 bats
  6 hobgoblins
  4 jackals (D:1)
  5 kobolds
  6 quokkas
  7 giant cockroaches
  A giant cockroach zombie (D:5)
  2 giant gecko skeletons
  A giant gecko zombie (D:5)
  5 giant newts
  7 goblins
  A quokka skeleton (D:5)
  9 rats
240 creatures vanquished.

Notes
Turn   | Place    | Note
--------------------------------------------------------------
     0 | D:1      | Jerry the Octopode Warper began the quest for the Orb.
     0 | D:1      | Reached XP level 1. HP: 14/14 MP: 3/3
    42 | D:1      | Reached skill level 1 in Stealth
    87 | D:1      | Reached XP level 2. HP: 6/19 MP: 5/5
   917 | D:1      | Reached XP level 3. HP: 20/25 MP: 6/6
  1452 | D:2      | Noticed Terence
  1604 | D:2      | Learned a level 2 spell: Shroud of Golubria
  1613 | D:2      | Killed Terence
  1613 | D:2      | Reached XP level 4. HP: 28/30 MP: 4/7
  2271 | D:3      | Noticed Jessica
  2274 | D:3      | Noticed Sigmund
  2276 | D:3      | Killed Jessica
  2276 | D:3      | Reached skill level 1 in Charms
  2276 | D:3      | Reached XP level 5. HP: 36/36 MP: 5/8
  2362 | D:3      | Killed Sigmund
  2362 | D:3      | Reached XP level 6. HP: 30/42 MP: 6/9
  2532 | D:3      | Found a sacrificial altar of Ru.
  2573 | D:3      | Found a shimmering altar of Xom.
  2892 | D:3      | Learned a level 2 spell: Blink
  2961 | D:3      | Reached skill level 4 in Dodging
  3272 | D:3      | Found a glowing silver altar of Zin.
  3465 | D:4      | Noticed Peloso's ghost (amateur MiFi)
  3698 | D:4      | Killed Peloso's ghost
  3698 | D:4      | Reached XP level 7. HP: 28/47 MP: 7/10
  3824 | D:4      | Found a blossoming altar of Fedhas.
  4347 | D:5      | Entered Level 5 of the Dungeon
  4526 | D:5      | Found a staircase to the Ecumenical Temple.
  4541 | Temple   | Entered the Ecumenical Temple
  4605 | Temple   | Became a worshipper of Ashenzari the Shackled
  4662 | D:5      | Reached XP level 8. HP: 54/54 MP: 9/12
  4693 | D:5      | Reached skill level 5 in Dodging
  5281 | D:6      | Found Ivvya's Antique Weapon Shop.
  5518 | D:6      | Reached skill level 5 in Maces & Flails
  5809 | D:6      | Learned a level 3 spell: Mephitic Cloud
  5849 | D:6      | Reached skill level 1 in Poison Magic
  5855 | D:6      | Reached skill level 6 in Dodging
  5855 | D:6      | Reached skill level 1 in Conjurations
  5855 | D:6      | Reached skill level 1 in Air Magic
  5855 | D:6      | Reached XP level 9. HP: 48/59 MP: 13/13
  6466 | D:7      | Reached * piety under Ashenzari
  6672 | D:7      | Noticed Jerry's ghost (novice OpWz)
  6696 | D:7      | Killed Jerry's ghost
  6752 | D:7      | Gained mutation: Your natural rate of healing is unusually fast. [mutagenic meat]
  6753 | D:7      | Gained mutation: Your system is resistant to poisons. [mutagenic meat]
  6754 | D:7      | Gained mutation: Your magical capacity is low (-10% MP). [mutagenic meat]
  6755 | D:7      | Gained mutation: Your flesh is heat resistant. [mutagenic meat]
  6947 | D:8      | Found an iron altar of Okawaru.
  6947 | D:8      | Found a basalt altar of Yredelemnul.
  7031 | D:8      | Found an opulent altar of Gozag.
  7514 | D:8      | Identified the +6 falchion of Eternity {vamp, rN++}
  7845 | D:9      | Found a white marble altar of Elyvilon.
  7889 | D:9      | Reached XP level 10. HP: 63/65 MP: 11/14
  7930 | D:9      | Identified the +4 quarterstaff of Viopnec {venom, rElec rC- MR++ Int+4}
  7991 | D:9      | Reached skill level 5 in Fighting
  8563 | D:9      | Noticed Maurice
  8573 | D:9      | Killed Maurice
  8674 | D:9      | Reached ** piety under Ashenzari
  8742 | D:9      | Reached skill level 7 in Dodging
  9021 | D:9      | Gained mutation: You tend to lose your temper in combat. [mutagenic meat]
  9025 | D:9      | Learned a level 2 spell: Repel Missiles
  9305 | D:10     | Entered Level 10 of the Dungeon
  9428 | D:10     | Reached skill level 5 in Poison Magic
  9661 | D:10     | Found a staircase to the Lair.
 10492 | Lair:1   | Entered Level 1 of the Lair of Beasts
 10493 | Lair:1   | Noticed a torpor snail
 10496 | Lair:1   | Noticed a seven-headed hydra
 10501 | Lair:1   | Noticed a death yak
 10504 | Lair:1   | HP: 2/69 [seven-headed hydra (3)]
 10504 | Lair:1   | Slain by a yak

Action                   |  1- 3 |  4- 6 |  7- 9 | 10-12 || total
-------------------------+-------+-------+-------+-------++-------
Melee: Mace              |    66 |   101 |    40 |       ||   207
       Whip              |       |       |   202 |   173 ||   375
       Dire flail        |       |       |       |    42 ||    42
Throw: Tomahawk          |       |     2 |     1 |     3 ||     6
 Cast: Shroud of Golubri |     1 |    15 |    57 |    34 ||   107
       Mephitic Cloud    |       |       |       |    24 ||    24
Evoke: Wand              |       |       |       |     1 ||     1
  Use: Scroll            |       |     6 |    12 |     3 ||    21
 Stab: Sleeping          |     5 |    17 |    10 |     7 ||    39
       Confused          |       |       |       |    11 ||    11
       Distracted        |       |       |       |     1 ||     1
  Eat: Chunk             |     1 |     9 |    20 |    14 ||    44
